 Dungeon Crawl Stone Soup version 0.22.0-36-g8e74550d25 (webtiles) character file.

319 rumpelstilzz the Insei (level 6, -2/38 HPs)
             Began as an Octopode Transmuter on Aug 24, 2018.
             Slain by a gnoll
             ... wielding a +0 halberd
              (7 damage)
             ... on level 4 of the Dungeon.
             The game lasted 00:12:45 (3653 turns).

rumpelstilzz the Insei (Octopode Transmuter)        Turns: 3653, Time: 00:12:46

Health: -2/38      AC:  1    Str: 11    XL:     6   Next: 45%
Magic:  3/10       EV: 13    Int: 15    God:
Gold:   241        SH:  0    Dex: 13    Spells: 4/10 levels left

rFire    . . .     SeeInvis .   j - -2 dagger (curse)
rCold    . . .     Gourm    .   l - +1 buckler (curse)
rNeg     . . .     Faith    .   (helmet restricted)
rPois    .         Spirit   .   (no amulet)
rElec    .         Reflect  .   (no ring)
rCorr    .         Harm     .   (no ring)
MR       .....                  (no ring)
Stlth    ++........             (no ring)
HPRegen  0.12/turn              (no ring)
MPRegen  0.12/turn              (no ring)
                                (no ring)
                                (no ring)

@: confused
A: almost no armour, stealthy swim, amphibious, 8 rings, constrict 8, camouflage
1, gelatinous body 1
a: no special abilities


You were on level 4 of the Dungeon.
You were not hungry.

You visited 1 branch of the dungeon, and saw 4 of its levels.

You collected 241 gold pieces.

Inventory:

Hand Weapons
 b - a +1 dagger of flaming
 g - a +1 dagger of electrocution
 j - a cursed -2 dagger (weapon)
Missiles
 a - 9 arrows
Armour
 l - a cursed +1 buckler (worn)
Wands
 n - a wand of disintegration (10)
Scrolls
 f - 4 scrolls of identify
 h - a scroll of amnesia
Potions
 d - a potion of cancellation
 e - a potion of haste
 i - 2 potions of might
 k - a potion of berserk rage
Comestibles
 c - 3 rations


   Skills:
 + Level 1.4 Fighting
 + Level 2.2 Short Blades
 + Level 3.1 Dodging
 + Level 3.7 Stealth
 + Level 0.4 Shields
 + Level 3.9 Unarmed Combat
 + Level 2.7 Spellcasting
 + Level 3.0 Transmutations


You had 4 spell levels left.
You knew the following spells:

 Your Spells              Type           Power        Failure   Level  Hunger
a - Beastly Appendage     Tmut           ##....       9%          1    #......
b - Spider Form           Tmut/Pois      #.........   45%         3    ###....
c - Sticks to Snakes      Tmut           ##......     14%         2    ##.....

Your spell library contained the following spells:

 Spells                   Type           Power        Failure   Level  Hunger
 Ice Form                 Ice/Tmut       #.......     86%         4    #####..
 Blade Hands              Tmut           ##........   94%         5    ######.


Dungeon Overview and Level Annotations

Branches:
Dungeon (4/15)
 Temple: D:4-7

Altars:
Gozag
Makhleb
Nemelex Xobeh
Qazlal
Yredelemnul
Zin


Innate Abilities, Weirdness & Mutations

You cannot wear most types of armour.
You are very stealthy in the water. (Stealth+)
You are amphibious.
You can wear up to eight rings at the same time.
You can use your tentacles to constrict eight enemies at once.
Your skin changes colour to match your surroundings (Stealth+).
Your rubbery body absorbs attacks. (AC +1, EV +1)


Message History

Your ball python completely misses the gnoll.
The gnoll hits you with a club!
* * * LOW HITPOINT WARNING * * *
The giant cockroach closely misses you. The gnoll barely misses you. x2
You release your grip on the giant cockroach.
The giant cockroach closely misses your ball python.
Your ball python bites the gnoll.
Your ball python barely misses the gnoll.
The orc barely misses your ball python. The giant cockroach misses you.
Your ball python barely misses the gnoll.
Your ball python closely misses the gnoll.
The orc wizard gestures at you while chanting.
You are confused.
The orc hits your ball python with a war axe!
Your ball python dies!
The gnoll barely misses you. The gnoll misses you.
The giant cockroach barely misses you. The orc wizard closely misses you.
The giant cockroach barely misses you.
The gnoll hits you from afar with a halberd!
You die...

#........# #........#
####.......!######
..................
#.......o........#
#.....s.g.# #.....goog#
###..###.s### #..#
#@...# #...## #..#
##.#.# ..... #..# #.#.#
#...# #..#
#.#.###...### #..#
#.#.#.......
#.)####.#.#.#...# #
#.......#.......###.#
##.###..............##.
#..>.......#.#........


You could see an orc wizard, 2 gnolls, 2 orcs and 2 giant cockroaches.

Vanquished Creatures
  An ogre (D:4)
  2 hounds (D:3)
  Natasha (thrice) (D:2)
  2 gnolls
  2 adders
  An ooze (D:1)
  2 dart slugs
  2 leopard geckos
  7 orcs
  A ball python (D:1)
  5 goblins
  3 hobgoblins
  2 jackals (D:1)
  2 quokkas
  5 bats
  4 frilled lizards
  A jackal skeleton (D:4)
  6 kobolds
  5 rats
56 creatures vanquished.

Vanquished Creatures (collateral kills)
  A frilled lizard (D:4)
1 creature vanquished.

Grand Total: 57 creatures vanquished

Notes
Turn   | Place    | Note
-------+----------+-------------------------------------------
     0 | D:1      | rumpelstilzz the Octopode Transmuter began the quest for the Orb.
     0 | D:1      | Reached XP level 1. HP: 13/13 MP: 3/3
   371 | D:1      | Reached XP level 2. HP: 10/18 MP: 5/5
   457 | D:1      | Reached XP level 3. HP: 2/23 MP: 4/6
   833 | D:1      | Reached skill level 1 in Stealth
  1059 | D:2      | Noticed Natasha
  1067 | D:2      | Killed Natasha
  1067 | D:2      | Reached XP level 4. HP: 6/28 MP: 5/7
  1084 | D:2      | Noticed Natasha
  1091 | D:2      | Killed Natasha
  1091 | D:2      | Reached skill level 1 in Short Blades
  1333 | D:2      | Noticed Natasha
  1340 | D:2      | Killed Natasha
  1393 | D:2      | Reached XP level 5. HP: 5/33 MP: 6/8
  1675 | D:2      | Found a burning altar of Makhleb.
  2350 | D:3      | HP: 1/33 [gnoll/flail (9)]
  2741 | D:3      | Found a sparkling altar of Nemelex Xobeh.
  2801 | D:3      | Found a glowing silver altar of Zin.
  2802 | D:3      | Found an opulent altar of Gozag.
  3340 | D:3      | Found a stormy altar of Qazlal.
  3516 | D:4      | Found a basalt altar of Yredelemnul.
  3556 | D:4      | Noticed an ogre
  3562 | D:4      | Reached XP level 6. HP: 38/38 MP: 9/9
  3622 | D:4      | Learned a level 3 spell: Spider Form
  3625 | D:4      | Learned a level 2 spell: Sticks to Snakes
  3653 | D:4      | Slain by a gnoll

Skill      XL: |  1  2  3  4  5  6 |
---------------+-------------------+-----
Stealth        | 1 3 |  3.7
Short Blades   | 1 2 |  2.2
Dodging        | 3 |  3.1
Transmutations | 3 |  3.0
Fighting       | |  1.4
Shields        | |  0.4
Unarmed Combat | |  3.9
Spellcasting   | |  2.7

Action                   |  1- 3 |  4- 6 || total
-------------------------+-------+-------++-------
Melee: Dagger            |    36 |   100 ||   136
       Tentacles         |     9 |    20 ||    29
       Constrict         |    10 |    24 ||    34
       Punch             |     2 |     3 ||     5
       Kick              |     2 |    20 ||    22
       Unarmed           |       |     2 ||     2
 Cast: Beastly Appendage |     2 |    16 ||    18
       Sticks to Snakes  |       |     3 ||     3
       Spider Form       |       |     1 ||     1
  Use: Scroll            |     3 |     7 ||    10
 Stab: Sleeping          |     2 |    10 ||    12
  Eat: Chunk             |       |     9 ||     9
Armor: Skin              |       |     6 ||     6
Dodge: Dodged            |    33 |    65 ||    98
Block: Buckler           |       |    13 ||    13
